 Dungeon Crawl Stone Soup version 0.31-a0-826-ga5cc291a1b (webtiles) character file.

Game seed: 11218434830186249182

807 qw the Skirmisher (level 7, -1/44 HPs)
             Began as a Gargoyle Hunter on Sept 23, 2023.
             Slain by Pikel
             ... wielding a +2 whip of freezing
              (2 damage)
             ... on level 5 of the Dungeon.
             The game lasted 00:01:51 (3715 turns).

qw the Skirmisher (Gargoyle Hunter)                 Turns: 3715, Time: 00:01:52

Health: -1/44      AC:  9    Str: 14    XL:     7   Next: 92%
Magic:  7/7        EV: 12    Int: 10    God:
Gold:   210        SH:  0    Dex: 15    Spells: 6/6 levels left

rFire   . . .        Y - +0 shortbow
rCold   . . .        (shield currently unavailable)
rNeg    + . .        c - +0 leather armour
rPois   inf          (no helmet)
rElec   +            (no cloak)
rCorr   .            (no gloves)
SInv    .            d - +0 pair of boots
Will    .....        (no amulet)
Stlth   ++           (no ring)
HPRegen 0.27/turn    (no ring)
MPRegen 0.10/turn

%: no passive effects
@: about to teleport
A: sickness immunity, AC +4, negative energy resistance 1, electricity
resistance, torment resistance 1, petrification resistance
a: no special abilities


You were on level 5 of the Dungeon.
You visited 1 branch of the dungeon, and saw 5 of its levels.

You collected 210 gold pieces.


Innate Abilities, Weirdness & Mutations

You are immune to sickness and miasma.
Your stone body is resilient. (AC +4)
You are immune to poison.
You resist negative energy. (rN+)
You are resistant to electric shocks. (rElec)
You are resistant to unholy torment.
You are immune to petrification.


   Skills:
 - Level 5.1 Fighting
 + Level 8.1 Ranged Weapons
 - Level 1.7 Armour
 - Level 2.0 Dodging
 - Level 1.1 Stealth


You had 6 spell levels left.
You didn't know any spells.
Your spell library was empty.

Inventory:

Hand Weapons
 Y - a +0 shortbow (weapon)
Armour
 c - a +0 leather armour (worn)
 d - a +0 pair of boots (worn)
 e - a +0 ring mail
 j - the +1 ring mail of Patterns {-Tele Will+++ Regen+ SInv}
   (You found it on level 2 of the Dungeon)

   Will+++:   It greatly increases your willpower.
   SInv:      It lets you see invisible.
   -Tele:     It prevents most forms of teleportation.
   Regen+:    It increases your rate of health regeneration.
Scrolls
 a - a scroll of teleportation
 l - a scroll of vulnerability {unknown}
Potions
 b - a potion of brilliance {unknown}
 f - a potion of resistance {unknown}
 g - a potion of haste
 h - a potion of curing
 i - a potion of invisibility {unknown}
 k - a potion of might
 m - a potion of heal wounds {unknown}

Dungeon Overview and Level Annotations

Branches:
Dungeon (5/15)
 Temple: D:4-7

Altars:
Cheibriados
Dithmenos
Makhleb

Annotations:
D:5 Pikel


Message History

The arrow closely misses the lemure.
Pikel hits you with a +2 whip of freezing.
Pikel freezes you.
You shoot an arrow. The arrow barely misses Pikel.
The arrow hits the lemure.
The lemure is moderately wounded.
Pikel barely misses you.
You shoot an arrow.
The arrow hits Pikel but does no damage.
Pikel is moderately wounded.
Pikel misses you.
You shoot an arrow. The arrow hits Pikel!
Pikel is heavily wounded.
Pikel hits you with a +2 whip of freezing.
Pikel freezes you.
You shoot an arrow.
The arrow hits Pikel but does no damage.
Pikel is heavily wounded.
Pikel closely misses you.
You shoot an arrow. The arrow hits Pikel.
Pikel is severely wounded.
Pikel barely misses you.
You shoot an arrow. The arrow hits Pikel!
Pikel is almost dead.
Pikel hits you with a +2 whip of freezing.
Pikel freezes you.
You shoot an arrow. The arrow hits Pikel.
Pikel is almost dead.
Pikel hits you with a +2 whip of freezing.
Pikel freezes you. Pikel barely misses you.
You shoot an arrow. The arrow closely misses Pikel.
The arrow closely misses the lemure. x2
Pikel hits you with a +2 whip of freezing.
Pikel freezes you.
3715 ||| READING 2 scrolls of teleportation.
As you read the scroll of teleportation, it crumbles to dust.
You feel strangely unstable.
Pikel hits you with a +2 whip of freezing.
Pikel freezes you.
You die...
Pikel says, "Another soul for the market."

#.....'..##....##
.....?..# #.....#..#....##
........ ##.....###+%..##
#.....
................####+##%.#
.............#...#.....[.#
.............#...#.......#
...).........#..##...##..+
.....####....#..##5..##..#
..... #....+..@K55.....#
..... #....#####5......#
.. +....# #...##..#
#...##..# ....# ... #...+
.. #...# ...#


You could see Pikel and 4 lemures.

Vanquished Creatures
  An ogre (D:5)
  A necrophage (D:5)
  A scorpion (D:5)
  5 hounds
  2 jellies
  An orc priest (D:3)
  A sleepcap (D:4)
  2 orc wizards (D:3)
  A hound skeleton (D:5)
  A gnoll (D:5)
  12 adders
  A white imp (D:5)
  7 worms
  3 dart slugs
  16 orcs
  6 ball pythons
  5 endoplasms
  5 giant cockroaches
  8 hobgoblins
  A quokka (D:2)
  4 bats
  2 frilled lizards (D:1)
  13 goblins
  6 kobolds
  6 rats
111 creatures vanquished.

Vanquished Creatures (others)
  An orc wizard (D:3)
1 creature vanquished.

Grand Total: 112 creatures vanquished

Notes
Turn   | Place    | Note
-------+----------+-------------------------------------------
     0 | D:1      | qw the Gargoyle Hunter began the quest for the Orb.
     0 | D:1      | Reached XP level 1. HP: 12/12 MP: 1/1
     0 | D:1      | 0 ||| qw: Version: 0.3-a-83-gcd0e7d8
     0 | D:1      | 0 ||| qw: Game counter: 1837
     0 | D:1      | 0 ||| qw: Melee chars always use a shield: true
     0 | D:1      | 0 ||| qw: God list: Okawaru
     0 | D:1      | 0 ||| qw: Allow faded altars: false
     0 | D:1      | 0 ||| qw: Do Orc after clearing Dungeon:15 true
     0 | D:1      | 0 ||| qw: Do second Lair branch before Depths: true
     0 | D:1      | 0 ||| qw: Lair rune preference: random
     0 | D:1      | 0 ||| qw: Goals: Normal
     0 | D:1      | 0 ||| PLANNING D:1-11
   146 | D:1      | Reached XP level 2. HP: 17/17 MP: 2/2
   577 | D:1      | 577 ||| UPGRADING to +0 pair of boots.
   582 | D:1      | 582 ||| READING scroll labelled ITOSTU OSMOHE.
   583 | D:1      | 583 ||| DRINKING 2 inky potions.
   584 | D:1      | 584 ||| DROPPING scroll of butterflies.
   643 | D:2      | Reached XP level 3. HP: 21/21 MP: 3/3
   652 | D:2      | Found a snail-covered altar of Cheibriados.
   724 | D:2      | Reached skill level 5 in Ranged Weapons
   791 | D:2      | Reached skill level 3 in Fighting
   967 | D:2      | Reached XP level 4. HP: 23/28 MP: 4/4
  1022 | D:2      | Identified the +1 ring mail of Patterns {-Tele Will+++
                  | Regen+ SInv}
  1028 | D:2      | 1028 ||| READING 2 scrolls labelled WORIYQUSIT.
  1031 | D:2      | 1031 ||| READING 2 scrolls labelled ERHI YHASIAKEI.
  1032 | D:2      | 1032 ||| READING scroll labelled UNWAMM LIYSIUZ.
  1052 | D:2      | 1052 ||| DROPPING scroll of poison.
  1093 | D:3      | 1093 ||| PLANNING SEWER
  1183 | D:3      | 1183 ||| FLEEEEING.
  1184 | D:3      | 1184 ||| FLEEEEING.
  1186 | D:3      | 1186 ||| FLEEEEING.
  1187 | D:3      | 1187 ||| FLEEEEING.
  1189 | D:3      | 1189 ||| FLEEEEING.
  1190 | D:3      | 1190 ||| FLEEEEING.
  1191 | D:3      | 1191 ||| FLEEEEING.
  1192 | D:3      | 1192 ||| FLEEEEING.
  1193 | D:3      | 1193 ||| FLEEEEING.
  1194 | D:3      | 1194 ||| FLEEEEING.
  1195 | D:3      | 1195 ||| FLEEEEING.
  1197 | D:3      | 1197 ||| FLEEEEING.
  1198 | D:3      | 1198 ||| FLEEEEING.
  1199 | D:3      | 1199 ||| FLEEEEING.
  1200 | D:3      | 1200 ||| FLEEEEING.
  1202 | D:3      | 1202 ||| FLEEEEING.
  1203 | D:3      | 1203 ||| FLEEEEING.
  1204 | D:3      | 1204 ||| FLEEEEING.
  1205 | D:3      | 1205 ||| FLEEEEING.
  1206 | D:3      | 1206 ||| FLEEEEING.
  1208 | D:3      | 1208 ||| FLEEEEING.
  1209 | D:3      | 1209 ||| FLEEEEING.
  1210 | D:3      | 1210 ||| FLEEEEING.
  1211 | D:3      | 1211 ||| FLEEEEING.
  1212 | D:3      | 1212 ||| FLEEEEING.
  1214 | D:3      | 1214 ||| FLEEEEING.
  1215 | D:3      | 1215 ||| FLEEEEING.
  1216 | D:3      | 1216 ||| FLEEEEING.
  1217 | D:3      | 1217 ||| FLEEEEING.
  1218 | D:3      | 1218 ||| FLEEEEING.
  1220 | D:3      | 1220 ||| FLEEEEING.
  1221 | D:3      | 1221 ||| FLEEEEING.
  1222 | D:3      | 1222 ||| FLEEEEING.
  1226 | D:3      | 1226 ||| FLEEEEING.
  1228 | D:3      | 1228 ||| FLEEEEING.
  1229 | D:3      | 1229 ||| FLEEEEING.
  1230 | D:3      | 1230 ||| FLEEEEING.
  1231 | D:3      | 1231 ||| FLEEEEING.
  1232 | D:3      | 1232 ||| FLEEEEING.
  1233 | D:3      | 1233 ||| FLEEEEING.
  1234 | D:3      | 1234 ||| FLEEEEING.
  1311 | D:3      | Reached XP level 5. HP: 12/32 MP: 5/5
  1407 | D:3      | Reached skill level 6 in Ranged Weapons
  1422 | D:3      | Found a faded altar of an unknown god.
  1497 | D:3      | Reached skill level 1 in Armour
  1719 | D:3      | Found a shadowy altar of Dithmenos.
  1873 | D:3      | 1873 ||| RIP SEWER
  1912 | D:3      | 1912 ||| PLANNING D:1-11
  1936 | D:3      | 1936 ||| Stepping ~*~*~tactically~*~*~ (water).
  2073 | D:3      | Found a snail-covered altar of Cheibriados.
  2119 | D:3      | Reached XP level 6. HP: 38/38 MP: 6/6
  2131 | D:3      | 2131 ||| DRINKING potion of curing.
  2131 | D:3      | 2131 ||| (to cure confusion)
  2155 | D:3      | 2155 ||| Stepping randomly (disturbance).
  2156 | D:3      | 2156 ||| Stepping randomly (disturbance).
  2202 | D:3      | 2202 ||| READING scroll labelled MUXTOYNOSU.
  2615 | D:4      | Reached skill level 7 in Ranged Weapons
  2965 | D:4      | Reached XP level 7. HP: 41/43 MP: 7/7
  3177 | D:4      | 3177 ||| READING scroll labelled ZUOXZU ZUANWA.
  3178 | D:4      | 3178 ||| DRINKING 2 fizzy ruby potions.
  3179 | D:4      | 3179 ||| DRINKING 2 fuming puce potions.
  3228 | D:5      | Entered Level 5 of the Dungeon
  3402 | D:5      | Reached skill level 8 in Ranged Weapons
  3577 | D:5      | Found a burning altar of Makhleb.
  3688 | D:5      | Noticed Pikel
  3689 | D:5      | 3689 ||| Stepping ~*~*~tactically~*~*~ (retreating).
  3690 | D:5      | 3690 ||| Stepping ~*~*~tactically~*~*~ (retreating).
  3691 | D:5      | 3691 ||| Stepping ~*~*~tactically~*~*~ (retreating).
  3692 | D:5      | 3692 ||| Stepping ~*~*~tactically~*~*~ (retreating).
  3693 | D:5      | 3693 ||| Stepping ~*~*~tactically~*~*~ (retreating).
  3694 | D:5      | 3694 ||| Stepping ~*~*~tactically~*~*~ (retreating).
  3695 | D:5      | 3695 ||| Stepping ~*~*~tactically~*~*~ (retreating).
  3714 | D:5      | HP: 7/44 [Pikel/+2 whip of freezing (6)]
  3715 | D:5      | 3715 ||| READING 2 scrolls of teleportation.
  3715 | D:5      | HP: 1/44 [Pikel/+2 whip of freezing (3)]
  3715 | D:5      | Slain by Pikel

Levels and vault maps discovered:
D:1:      minmay_arrival_three_doors, layout_basic
D:2:      layout_rooms, basic_altar
D:3:      layout_basic, nicolae_dithmenos_through_a_glass_darkly,
          mainiacjoe_overflow_small_starburst, gup_sewer_entry_spiral,
          shapermc_ecumenical_altar_mp_vishouse
D:4:      layout_loops_ring, kennysheep_windowed_goal
D:5:      layout_gridville, makhleb_blood_cavern_becter, minmay_fire_ice_demons,
          uniq_pikel

Skill      XL: |  1  2  3  4  5  6  7 |
---------------+----------------------+-----
Ranged Weapons | 5 6 7 8 |  8.1
Fighting       | 3 4 5 |  5.1
Armour         | 1 |  1.7
Dodging        | 2 |  2.0
Stealth        | |  1.1

Action                     |  1- 3 |  4- 6 |  7- 9 || total
---------------------------+-------+-------+-------++-------
   Fire: Shortbow          |    92 |   250 |   138 ||   480
    Use: Scroll            |     1 |     4 |     2 ||     7
         Potion            |     1 |     1 |     2 ||     4
 Armour: Leather armour    |    11 |    98 |    58 ||   167
  Dodge: Dodged            |    10 |    71 |    65 ||   146

Table legend:
 A = Non-vault XP
 B = Vault XP
 C = Vault XP percentage of total XP
 D = Non-vault monster count
 E = Vault monster count
 F = Vault count percentage of total count
                 A         B        C        D         E       F
            +---------+---------+-------+---------+---------+-------
      Total |     997 |     156 |  13.5 |     100 |      12 |  10.7
            +---------+---------+-------+---------+---------+-------
        D:1 |      29 |       0 |   0.0 |      21 |       0 |   0.0
        D:2 |      57 |       0 |   0.0 |      18 |       0 |   0.0
        D:3 |     299 |      41 |  12.1 |      26 |       8 |  23.5
        D:4 |     207 |       2 |   1.0 |      20 |       1 |   4.8
        D:5 |     405 |     113 |  21.8 |      15 |       3 |  16.7
            +---------+---------+-------+---------+---------+-------
